Cogmind - Beta 15 @@@ ROGUE MODE // 2025.07.18 @ 22:36:49 Player: chebyrekser Result: Destroyed by Striker with Compact Linear Accelerator Performance ------------- Evolutions (7) 3500 Regions Visited (14) 2800 Robots Destroyed (208) 1040 Value Destroyed (10124) 10124 Prototype IDs (29) 580 Alien Tech Used (0) 0 Bonus (3784) 3784 TOTAL SCORE: 21828 Bonus ------- High Alert Combat Kills 1484 Follower Combat Kills 30 Registered with UFD 300 Met Optimus in HQ 500 Met Warlord at Base 500 MAIN.C Attacked Warlord 500 Scanned by Researcher 500 Friendly Fire -30 Cogmind --------- Core Integrity 0/1300 Matter 300/300 Energy 100/100 System Corruption 6% Temperature Cool (0) Movement Core (50) Location -3/Testing Parts ------- > --- POWER (2) -------- (None) > --- PROPULSION (5) --- (None) > --- UTILITY (12) ----- (None) > --- WEAPON (2) ------- (None) > --- INVENTORY (5) ---- Graviton Reactor Graviton Reactor Flexi-carbon Leg Field Laser Peak State ------------ > --- POWER ------------ Neutrino Core Light Antimatter Reactor > --- PROPULSION ------- Advanced Medium Treads Improved Heavy Treads Myomer Leg Myomer Leg > --- UTILITY ---------- Advanced Heat Sink Advanced Heat Sink High-capacity Storage Unit Enhanced Optical Array Advanced Sensor Array Damper Plating Advanced Hacking Suite > --- WEAPON ----------- Heavy Disruptor Cannon > --- INVENTORY -------- Antimatter Reactor Antimatter Reactor Centrium Wheel Advanced Cryofiber Web Advanced Heat Sink Experimental Cooling System High-capacity Storage Unit Structural Scanner Advanced Sensor Array Advanced Signal Interpreter Precision Energy Filter Advanced Transmission Jammer Improved Medium Armor Plating HERF Cannon Matter Neutralizer Tiamat Missile Launcher Tiamat Missile Launcher Junk Cannon Power Sword [Rating: 124] Favorites ----------- Power Light Antimatter Reactor Engine Light Ion Engine Power Core Neutrino Core Reactor Light Antimatter Reactor Propulsion Light Treads Treads Light Treads Leg Myomer Leg Wheel Armored Huge Wheel Flight Unit Impulse Thruster Utility Advanced Heat Sink Device Advanced Heat Sink Storage High-capacity Storage Unit Processor Enhanced Optical Array Hackware Advanced Hacking Suite Protection Improved Light Armor Plating Weapon Powered Cannon Energy Gun Gatling Laser Energy Cannon Powered Cannon Ballistic Gun Assault Rifle Launcher Tiamat Missile Launcher Special Weapon Junk Cannon Impact Weapon Hammer Slashing Weapon Axe Build | -11 -10 -10 -8 -6 -5 -4 -4 -4 -4 -4 -4 -3 -3 -3 ------- Run | Yrd Mat Sub Scr Fac Fac Fac Was Fac Upp Upp War Pro Res Tes Slots Evolved 14 | . . . . 8 2 2 . . . . . . 2 . Power 1 | . . . . . 1 . . . . . . . . . Propulsion 3 | . . . . 2 . 1 . . . . . . . . Utility 10 | . . . . 6 1 1 . . . . . . 2 . Weapon . | . . . . . . . . . . . . . . . Parts Attached 143 | 4 12 2 9 20 18 33 3 12 2 6 4 7 10 1 Power 24 | . 2 . 3 2 3 7 . 1 . 2 . 1 3 . Engine 10 | . 2 . 2 2 3 . . . . . . . 1 . Core 5 | . . . 1 . . 4 . . . . . . . . Reactor 9 | . . . . . . 3 . 1 . 2 . 1 2 . Propulsion 28 | . 2 . 3 4 5 3 . 4 . 2 . 1 4 . Treads 12 | . 2 . 3 3 2 1 . 1 . . . . . . Leg 6 | . . . . 1 . . . 3 . . . . 2 . Wheel 9 | . . . . . 3 2 . . . 2 . . 2 . Hover . | . . . . . . . . . . . . . . . Flight 1 | . . . . . . . . . . . . 1 . . Utility 61 | 2 4 1 . 14 5 17 1 6 2 2 2 2 3 . Device 26 | 1 1 1 . 7 2 8 . 3 1 1 . 1 . . Storage 5 | 1 1 . . 1 1 . . 1 . . . . . . Processor 5 | . 1 . . . 1 1 . 1 1 . . . . . Hackware 4 | . . . . . . 1 . . . 1 . . 2 . Protection 21 | . 1 . . 6 1 7 1 1 . . 2 1 1 . Artifact . | . . . . . . . . . . . . . . . Weapon 30 | 2 4 1 3 . 5 6 2 1 . . 2 3 . 1 Energy Gun 7 | 1 . . . . 1 . 1 . . . 2 2 . . Energy Cannon 12 | . . 1 2 . 1 5 . 1 . . . 1 . 1 Ballistic Gun 2 | 1 1 . . . . . . . . . . . . . Ballistic Cannon . | . . . . . . . . . . . . . . . Launcher 5 | . 2 . . . 2 . 1 . . . . . . . Special Weapon 1 | . . . 1 . . . . . . . . . . . Impact Weapon 1 | . 1 . . . . . . . . . . . . . Slashing Weapon 2 | . . . . . 1 1 . . . . . . . . Piercing Weapon . | . . . . . . . . . . . . . . . Special Melee Weapon . | . . . . . . . . . . . . . . . Unidentified Prototypes 8 | . . . 2 . 1 1 . . . 1 1 . 1 1 Parts Lost 88 | . 2 3 . 5 19 20 . 11 2 . 7 10 1 8 Power 17 | . 1 . . 1 3 5 . 1 1 . 1 2 . 2 Propulsion 20 | . . 1 . . 6 3 . 3 . . 1 3 . 3 Utility 37 | . 1 1 . 3 9 9 . 5 1 . 3 3 1 1 Weapon 14 | . . 1 . 1 1 3 . 2 . . 2 2 . 2 Highest Loss Streak 11 | . 2 2 . 1 11 8 . 3 1 . 7 8 1 7 To Critical Strikes . | . . . . . . . . . . . . . . . Average Backups 13 | 4 6 8 13 13 8 14 15 17 13 15 17 15 3 4 Power 1 | 1 1 1 2 2 . . 1 2 3 2 3 2 1 2 Propulsion . | 1 . . . . . 1 . . 1 . . . . 1 Utility 5 | . 2 2 3 3 3 6 8 9 6 7 8 6 1 . Weapon 5 | 1 3 4 7 6 3 5 4 5 3 5 5 5 1 1 Tool/Special . | . . . . . . . . . . . . . . . Unused Backups 20 | . 1 . 3 3 . 2 . . . 5 . 2 . 4 Power 5 | . . . 1 . . . . . . 2 . . . 2 Propulsion 3 | . . . . . . 2 . . . . . . . 1 Utility 5 | . . . 1 1 . . . . . 1 . 2 . . Weapon 7 | . 1 . 1 2 . . . . . 2 . . . 1 Tool/Special . | . . . . . . . . . . . . . . . Average Slot Usage (%) 73 | . 92 85 64 85 85 72 64 69 69 69 88 67 36 35 Engine 5 | . 10 14 13 6 7 . . . . . 3 4 . . Core 2 | . . . . 3 . 4 5 5 . . . . . . Reactor 2 | . . . . . . 2 5 4 5 7 4 . 3 5 Treads 11 | . 27 15 16 23 17 5 5 8 5 5 5 . . . Leg 1 | . . . . . . . . 5 5 5 5 . 7 3 Wheel 3 | . . . . . 2 9 5 . . 5 9 4 4 6 Device 13 | . 3 7 13 17 20 14 15 14 14 15 14 5 1 3 Storage 8 | . 14 14 13 6 6 5 5 6 10 10 10 9 2 3 Processor 3 | . 3 6 . . . 4 5 5 9 10 10 9 . . Hackware 2 | . . . . . . 3 5 5 5 5 10 9 8 6 Protection 6 | . 4 . . 20 16 10 1 4 3 . 3 9 . . Energy Gun 1 | . 4 . . . 4 1 . 1 . . 6 2 . . Energy Cannon 3 | . . 7 5 6 3 4 . 2 5 4 . 4 1 1 Ballistic Gun 1 | . 19 8 . . . . . . . . . . . . Peak Build Rating 124 | 4 9 11 30 67 66 109 105 124 93 99 117 98 72 66 Average Rating 64 | 1 6 9 12 58 54 96 89 107 89 92 103 75 42 42 On Entrance 48 | . 4 9 11 30 47 47 79 105 83 83 87 73 2 66 Naked Turns 42 | . . . . . . . . . . . . 12 9 21 Heaviest Build 132 | 9 26 31 39 71 102 129 132 132 90 86 87 94 102 87 Greatest Support 105 | 3 40 40 40 88 88 56 28 105 75 75 32 16 26 26 Greatest Overweight (x) 8 | 2 2 1 1 1 8 3 4 4 1 5 3 5 4 3 Average Overweight (x) 1 | 1 . . . . 1 1 2 1 . 1 1 3 1 1 Largest Inventory Capacity 20 | 8 15 15 15 20 20 20 20 20 20 20 20 20 20 20 Average Capacity 17 | 7 8 15 15 15 16 20 20 20 20 20 20 19 14 18 Most Carried 20 | 6 9 9 15 16 15 20 20 20 17 20 20 19 6 5 Average Carried 14 | 4 6 8 14 14 10 17 17 18 14 16 18 16 4 4 Final Capacity 20 | 8 15 15 15 15 20 20 20 20 20 20 20 5 20 5 Final Carried 20 | 5 9 9 15 15 13 16 18 17 17 16 20 5 5 4 Class Distribution -------------------- 53% | Mutant 32% | Scavenger-Mutant 5% | Hacker-Skirmisher 4% | Hacker-Mutant 3% | Skirmisher Dominant Class ---------------- Mutant | -10/Materials Mutant | -10/Subcaves Mutant | -8/Scraptown Scavenger-Mutant | -6/Factory Scavenger-Mutant | -5/Factory Mutant | -4/Factory Mutant | -4/Waste Scavenger-Mutant | -4/Factory Skirmisher | -4/Upper Caves Mutant | -4/Upper Caves Hacker-Skirmisher | -4/Warlord Hacker-Skirmisher | -3/Proximity Caves Hacker-Mutant | -3/Research Hacker-Mutant | -3/Testing Resources | -11 -10 -10 -8 -6 -5 -4 -4 -4 -4 -4 -4 -3 -3 -3 ----------- Run | Yrd Mat Sub Scr Fac Fac Fac Was Fac Upp Upp War Pro Res Tes Matter Collected 4653 | 220 437 19 126 327 334 1090 702 575 304 119 60 154 186 . Remotely . | . . . . . . . . . . . . . . . Salvage Created 10286 | 10 612 23 . 1409 774 3029 1170 2146 273 190 . 352 283 15 Parts 377 | 4 27 3 . 70 28 105 3 100 10 3 . 9 11 4 Haulers Intercepted 1 | . . . . . 1 . . . . . . . . . Recyclers Shooed 10 | . 2 . . 2 . 4 . 2 . . . . . . Parts Field Recycled . | . . . . . . . . . . . . . . . Retrieved Matter . | . . . . . . . . . . . . . . . Parts Self-Destructed 25 | . . 4 . . . . . . 9 2 . 10 . . Prevented . | . . . . . . . . . . . . . . . Kills | -11 -10 -10 -8 -6 -5 -4 -4 -4 -4 -4 -4 -3 -3 -3 ------- Run | Yrd Mat Sub Scr Fac Fac Fac Was Fac Upp Upp War Pro Res Tes Combat Hostiles Destroyed 172 | . 13 3 . 19 16 48 5 42 10 4 . 9 3 . Melee 3 | . . . . . . 3 . . . . . . . . Guns 26 | . 6 . . . 3 9 . 3 . . . 5 . . Cannons 64 | . . . . 17 5 19 . 17 2 1 . 2 1 . AOE 58 | . 7 3 . . 8 13 5 12 7 2 . 1 . . Classes Destroyed 17 | 1 5 . . 4 4 2 1 . . . . . . . Worker 8 | . 1 . . . 4 1 . 1 . . . . . 1 Builder 8 | . . . . . 1 7 . . . . . . . . Tunneler 2 | 1 . . . . . 1 . . . . . . . . Hauler 1 | . . . . . 1 . . . . . . . . . Recycler 9 | . 1 . . 2 . 3 . 3 . . . . . . Mechanic 1 | . . . . . . 1 . . . . . . . . Operator 1 | . . . . 1 . . . . . . . . . . Watcher 6 | . 3 . . 2 . 1 . . . . . . . . Swarmer 41 | . 1 3 . 1 3 10 . 14 4 . . 5 . . Grunt 56 | . 12 . . 9 6 12 . 6 4 4 . 1 2 . Brawler 3 | . . . . . 1 1 . . 1 . . . . . Duelist 3 | . . . . . 1 1 . . . . . 1 . . Sentry 18 | . . . . 3 3 5 . 4 1 . . 1 1 . Specialist 2 | . . . . . . 2 . . . . . . . . Hunter 14 | . . . . 3 1 6 . 4 . . . . . . Programmer 30 | . . . . 3 1 11 . 14 . . . 1 . . Compactor 5 | . . . . . . . 5 . . . . . . . Best Kill Streak 13 | 1 4 3 . 3 5 9 2 13 4 4 . 5 2 1 Combat Bots Only 11 | . 4 3 . 3 4 7 2 11 4 4 . 5 2 . Max Kills in Single Turn 4 | 1 2 3 . 1 3 3 1 3 4 2 . 2 1 1 Gunslinging 1 | . . . . . . . . . . . . 1 . . Exploded 4 | . 2 3 . . 2 3 1 3 4 2 . 1 . . Melee 1 | . . . . . . 1 . . . . . . . . Uniques/NPCs Destroyed . | . . . . . . . . . . . . . . . Combat | -11 -10 -10 -8 -6 -5 -4 -4 -4 -4 -4 -4 -3 -3 -3 -------- Run | Yrd Mat Sub Scr Fac Fac Fac Was Fac Upp Upp War Pro Res Tes Hostile Shots Fired 1600 | . 56 10 . 271 136 499 . 218 26 12 46 73 33 220 Missed 517 | . 11 4 . 91 38 161 . 70 9 3 14 20 10 86 Hits 1083 | . 45 6 . 180 98 338 . 148 17 9 32 53 23 134 Melee 25 | . . . . . 6 10 . . . . 1 7 . 1 Projectile 1058 | . 45 6 . 180 92 328 . 148 17 9 31 46 23 133 AOE 1 | . . . . . . 1 . . . . . . . . Critical Strikes 55 | . . . . 4 2 18 . 11 1 . 5 5 1 8 Part Disruptions 3 | . . . . . . 1 . 1 . . . . . 1 Damage Taken 19207 | . 584 110 . 1601 1881 6726 . 2838 365 181 832 1387 519 2183 Core 2656 | . 104 5 . 104 79 357 . 173 73 . 196 248 27 1290 Absorbed by Shields 891 | . . . . 346 321 224 . . . . . . . . Redirected to Shielding 23 | . . . . . . . . . . . 2 21 . . Ignored by Resistances 526 | . . . . 39 . . . 487 . . . . . . Regen/Repaired (Parts) 209 | . . . . . . . . . . . 209 . . . Core Remaining (%) 68 | 100 . . 56 87 92 . . . . . . 8 . . Volleys Fired 568 | 1 61 5 . 93 46 153 12 140 14 4 3 22 13 1 Largest 2 | 2 2 1 . 1 2 2 2 2 1 2 1 2 1 1 Hottest 210 | 60 60 68 . 40 149 186 92 153 105 151 46 210 110 50 Shots Fired 756 | 2 107 5 . 93 70 215 24 162 16 7 3 38 13 1 Gun 218 | 2 97 . . . 27 42 . 39 . . . 11 . . Cannon 373 | . . 3 . 93 24 135 . 65 7 5 . 27 13 1 Launcher 84 | . 10 2 . . 19 10 24 5 9 2 3 . . . Special 81 | . . . . . . 28 . 53 . . . . . . Kinetic 81 | 1 80 . . . . . . . . . . . . . Thermal 372 | 1 17 3 . 93 27 141 . 58 7 5 . 19 . 1 Explosive 84 | . 10 2 . . 19 10 24 5 9 2 3 . . . Electromagnetic 127 | . . . . . 24 36 . 46 . . . 8 13 . Impact 81 | . . . . . . 28 . 53 . . . . . . Entropic 11 | . . . . . . . . . . . . 11 . . Robot Hit Streak 22 | 1 9 . . 11 14 13 21 22 6 2 . 5 7 . Robot Miss Streak 7 | 1 3 1 . 2 2 4 . 6 1 1 . 7 1 1 Penetration Max . | . . . . . . . . . . . . . . . Secondary Targets 3 | . 2 . . . . . . . . . . 1 . . Max Gunslinging Chain 1 | . 1 . . . . . . . . . . 1 . . Shots Hit Robots 532 | 1 70 . . 62 58 165 20 104 10 3 . 25 13 1 Core Hits 353 | 1 37 4 . 25 59 120 9 46 20 5 . 17 5 5 Critical Kills 9 | . . . . 3 . 1 . 2 1 1 . 1 . . Critical Parts Destroyed 17 | . 1 . . . . 5 . 10 . . . 1 . . Critical Strikes 30 | . 1 . . 3 . 8 . 12 1 1 . 2 2 . Meltdown 6 | . . . . 3 . . . . 1 1 . 1 . . Destroy 1 | . 1 . . . . . . . . . . . . . Corrupt 3 | . . . . . . 1 . . . . . . 2 . Smash 18 | . . . . . . 6 . 12 . . . . . . Sever 1 | . . . . . . 1 . . . . . . . . Detonate 1 | . . . . . . . . . . . . 1 . . Melee Attacks 50 | . 2 1 . . 3 32 . . . . . . 2 10 Impact 3 | . 2 1 . . . . . . . . . . . . Slashing 47 | . . . . . 3 32 . . . . . . 2 10 Piercing . | . . . . . . . . . . . . . . . Sneak Attacks 5 | . . . . . . 3 . . . . . . 1 1 Combat Hostiles . | . . . . . . . . . . . . . . . Follow-up Attacks . | . . . . . . . . . . . . . . . Damage Inflicted 29509 | 10 1349 103 . 3220 3017 8911 2990 6456 1229 515 . 1123 474 112 Guns 3420 | 10 747 . . . 658 895 . 634 . . . 476 . . Cannons 9247 | . . . . 3180 538 2901 . 1414 149 108 . 547 410 . Explosions 11388 | . 602 103 . . 1811 2824 2990 1471 1080 407 . 100 . . Melee 986 | . . . . . . 855 . . . . . . 64 67 Ramming 229 | . . . . 40 10 122 . 12 . . . . . 45 Kinetic 616 | . 616 . . . . . . . . . . . . . Thermal 8919 | 10 131 . . 3180 658 2759 . 1392 149 108 . 532 . . Explosive 11020 | . 602 103 . . 1811 2824 2990 1203 1080 407 . . . . Electromagnetic 3024 | . . . . . 538 1037 . 924 . . . 115 410 . Impact 4239 | . . . . . . 1314 . 2925 . . . . . . Slashing 986 | . . . . . . 855 . . . . . . 64 67 Piercing . | . . . . . . . . . . . . . . . Entropic 476 | . . . . . . . . . . . . 476 . . Highest Corruption 30 | . . . . . 3 10 16 30 30 30 30 1 . 6 Average Corruption 13 | . . . . . 2 3 15 18 30 30 22 1 . 4 Corruption Purged 10 | . . . . . . 10 . . . . . . . . Corruption Blocked . | . . . . . . . . . . . . . . . Effects 237 | . . . . . 3 46 6 115 39 22 2 2 . 2 Message Errors 76 | . . . . . 1 11 2 33 20 8 . . . 1 Matter Fused 44 | . . . . . 1 10 . 22 7 3 1 . . . Heat Flow Errors 30 | . . . . . . 8 2 14 2 3 . . . 1 Energy Discharges 21 | . . . . . . 7 1 8 3 1 . 1 . . Parts Rejected 6 | . . . . . . 4 . 2 . . . . . . Parts Fused 1 | . . . . . . . . 1 . . . . . . Data Loss (minor) 26 | . . . . . . 4 1 12 2 5 1 1 . . Data Loss (major) 9 | . . . . . 1 . . 6 2 . . . . . Misfires 8 | . . . . . . . . 5 2 1 . . . . Alerts 7 | . . . . . . 1 . 5 . 1 . . . . Misdirections 3 | . . . . . . . . 2 1 . . . . . Weapon Failures 6 | . . . . . . 1 . 5 . . . . . . Overload Shots . | . . . . . . . . . . . . . . . Overflow Damage 2927 | . . . . 210 111 1068 23 1435 27 . . 29 24 . Projectiles 2523 | . . . . 210 . 929 . 1331 24 . . 29 . . Explosions 318 | . . . . . 111 79 23 102 3 . . . . . Melee 86 | . . . . . . 60 . 2 . . . . 24 . Knockbacks 23 | . . . . . . 9 . 14 . . . . . . Impact 22 | . . . . . . 8 . 14 . . . . . . Kinetic . | . . . . . . . . . . . . . . . Secondary 1 | . . . . . . 1 . . . . . . . . Self-Inflicted Damage 614 | . 60 10 . . 97 96 . 171 43 . 27 89 . 21 Shots 15 | . 3 1 . . 3 1 . 3 1 . 2 1 . . Rammed 18 | . . . . 5 1 3 . 1 . . . . . 8 Targets Rammed 18 | . . . . 5 1 3 . 1 . . . . . 8 Kicked . | . . . . . . . . . . . . . . . Crushed . | . . . . . . . . . . . . . . . Highest Temperature 480 | . 126 . . 17 200 437 233 480 243 160 . 302 5 159 Average Temperature 83 | . 36 . . 5 48 111 100 78 47 43 . 98 5 82 Received Heat Transfer 3023 | . 276 . . 377 416 997 . 159 94 30 115 161 123 275 Effects 7 | . . . . . . 5 . 2 . . . . . . Shutdowns 3 | . . . . . . 1 . 2 . . . . . . Energy Bleed 1 | . . . . . . 1 . . . . . . . . Interference 3 | . . . . . . 3 . . . . . . . . Siege Activations . | . . . . . . . . . . . . . . . Martial Activations . | . . . . . . . . . . . . . . . Shielding Activations . | . . . . . . . . . . . . . . . Robots Disrupted 1 | . . . . . . . . 1 . . . . . . Combat Hostiles 1 | . . . . . . . . 1 . . . . . . Robots Corrupted 20 | . . . . . . 6 . 12 . . . . 2 . Combat Hostiles 16 | . . . . . . 4 . 10 . . . . 2 . Parts Fried 27 | . . . . . 3 10 . 12 . . . . 2 . Impact Corruptions 64 | . . . . . . 24 . 40 . . . . . . Robots Melted 6 | . . . . 3 . . . . 1 1 . 1 . . Combat Hostiles 5 | . . . . 2 . . . . 1 1 . 1 . . Parts Melted 22 | . . . . 5 3 9 . 1 . 3 . 1 . . Heat Transferred 8750 | 25 300 . . . 1500 4875 . 1347 148 111 . 444 . . Parts Sabotaged . | . . . . . . . . . . . . . . . Parts Stolen . | . . . . . . . . . . . . . . . Parts Stripped . | . . . . . . . . . . . . . . . Power Chain Reactions . | . . . . . . . . . . . . . . . Alert | -11 -10 -10 -8 -6 -5 -4 -4 -4 -4 -4 -4 -3 -3 -3 ------- Run | Yrd Mat Sub Scr Fac Fac Fac Was Fac Upp Upp War Pro Res Tes Maximum Alert Level 4 | . . . . 1 2 3 2 4 . . . . 2 . Low Security (%) 39 | 100 100 . . 98 53 6 . . . . . . . 100 Level 1 23 | . . . . 1 40 25 26 49 . . . . 24 . Level 2 26 | . . . . . 5 49 73 30 . . . . 75 . Level 3 5 | . . . . . . 18 . . . . . . . . Level 4 4 | . . . . . . . . 19 . . . . . . Level 5 . | . . . . . . . . . . . . . . . High Security . | . . . . . . . . . . . . . . . Max Security . | . . . . . . . . . . . . . . . Peak Influence 1428 | 5 194 . . 213 416 1023 485 1428 . . . . 474 145 Initial 474 | . . . . . 98 203 353 325 . . . . 474 145 Average 343 | . 46 . . 40 221 499 432 584 . . . . 409 98 Influence Increases 7212 | 5 515 70 . 703 766 1859 182 1875 220 90 . 275 545 107 Destroy 0b10 Robot/C 3340 | . 260 60 . 380 320 960 . 840 200 80 . 180 60 . Destroy 0b10 Robot/NC 180 | 5 25 . . 25 30 70 . 20 . . . . . 5 Destroy Leader 704 | . 66 10 . 104 72 202 . 180 20 10 . 20 20 . Allied During Kill 1 | . . . . . 1 . . . . . . . . . Successful Hack 42 | . 23 . . 5 . 10 . 4 . . . . . . Disable Machine 600 | . 15 . . 90 60 90 . 315 . . . . 15 15 Anti-Garrison Action 150 | . . . . . . . . 150 . . . . . . Destroy Structure 1115 | . 51 . . 24 268 242 182 336 . . . . . 12 Advance Influence 450 | . . . . . . . . . . . . . 450 . Partial Spotted 60 | . . . . . . 30 . 15 . . . . . 15 Lose Combat Pursuer 570 | . 75 . . 75 15 255 . 15 . . . 75 . 60 Influence Decreases 7150 | 5 465 120 . 502 551 1264 728 934 903 352 461 238 323 304 Entered New Map 2386 | . . 25 . . 103 213 658 140 521 138 461 . 13 114 Time Decay 3508 | 5 299 85 . 452 238 701 70 664 362 214 . 158 150 110 Search Patrol Dispatched 150 | . . . . . . . . . . . . . 150 . Lost Part 766 | . 16 10 . 50 190 200 . 110 20 . . 80 10 80 Lost Ally 40 | . . . . . 20 . . 20 . . . . . . Purge Threat 300 | . 150 . . . . 150 . . . . . . . . Squads Dispatched 46 | . 3 . . 8 5 14 . 12 . . . 1 . 3 Investigation 6 | . 1 . . 2 . 2 . 1 . . . . . . Extermination 13 | . . . . 3 . 6 . 4 . . . . . . Reinforcement 15 | . 2 . . 3 2 2 . 3 . . . . . 3 Assault 6 | . . . . . . 1 . 4 . . . 1 . . Garrison 6 | . . . . . 3 3 . . . . . . . . Intercept . | . . . . . . . . . . . . . . . Searches Triggered 1 | . . . . . . . . . . . . . 1 . Construction Impeded 4 | . . . . 1 1 1 . 1 . . . . . . Haulers Reinforced 1 | . . . . . 1 . . . . . . . . . Active Scanning Responses . | . . . . . . . . . . . . . . . Cargo Convoy Interrupts 1 | . . . . . . 1 . . . . . . . . Stealth | -11 -10 -10 -8 -6 -5 -4 -4 -4 -4 -4 -4 -3 -3 -3 --------- Run | Yrd Mat Sub Scr Fac Fac Fac Was Fac Upp Upp War Pro Res Tes Distress Signals 6 | . 2 . . . . 4 . . . . . . . . Communications Jammed 40 | . . . . . . . . 36 . . 4 . . . Distress Signals 40 | . . . . . . . . 36 . . 4 . . . Times Spotted 301 | . 26 3 . 34 23 76 5 48 10 4 16 29 5 22 Peak Tracking Total 14 | . 5 3 . 4 6 7 2 6 4 3 14 10 3 13 Tactical Retreats 22 | . 4 . . 4 1 8 . 1 . . . 2 . 2 Traps | -11 -10 -10 -8 -6 -5 -4 -4 -4 -4 -4 -4 -3 -3 -3 ------- Run | Yrd Mat Sub Scr Fac Fac Fac Was Fac Upp Upp War Pro Res Tes Traps Triggered 16 | . 1 1 . 3 1 6 . 2 . . . . 1 1 Indirectly . | . . . . . . . . . . . . . . . Trap Hack Attempts . | . . . . . . . . . . . . . . . Triggered . | . . . . . . . . . . . . . . . Disarmed . | . . . . . . . . . . . . . . . Reprogrammed . | . . . . . . . . . . . . . . . Reused . | . . . . . . . . . . . . . . . Traps Extracted . | . . . . . . . . . . . . . . . Installed . | . . . . . . . . . . . . . . . Triggered . | . . . . . . . . . . . . . . . Machines | -11 -10 -10 -8 -6 -5 -4 -4 -4 -4 -4 -4 -3 -3 -3 ---------- Run | Yrd Mat Sub Scr Fac Fac Fac Was Fac Upp Upp War Pro Res Tes Machines Disabled 42 | . 1 1 . 6 4 6 . 22 . . . . 1 1 Max in Single Turn 15 | . 1 1 . 1 2 1 . 15 . . . . 1 1 Garrison Access 2 | . . . . . . . . 2 . . . . . . Machines Repaired . | . . . . . . . . . . . . . . . Machines Dismantled . | . . . . . . . . . . . . . . . Machines Sabotaged . | . . . . . . . . . . . . . . . Overloaded Fab Kills . | . . . . . . . . . . . . . . . Hacking | -11 -10 -10 -8 -6 -5 -4 -4 -4 -4 -4 -4 -3 -3 -3 --------- Run | Yrd Mat Sub Scr Fac Fac Fac Was Fac Upp Upp War Pro Res Tes Machines Accessed 31 | . 5 1 5 4 . 6 . 4 . . 6 . . . Terminals 13 | . 5 . . 2 . 4 . 2 . . . . . . Fabricators . | . . . . . . . . . . . . . . . Repair Stations . | . . . . . . . . . . . . . . . Recycling Units 2 | . . . . 1 . . . 1 . . . . . . Scanalyzers . | . . . . . . . . . . . . . . . Garrison Access 4 | . . . . 1 . 2 . 1 . . . . . . Total Hacks 97 | . 21 9 20 8 . 17 . 9 . . 13 . . . Successful 62 | . 9 9 20 2 . 6 . 3 . . 13 . . . Failed 35 | . 12 . . 6 . 11 . 6 . . . . . . Catastrophic 3 | . . . . 1 . 1 . 1 . . . . . . Database Lockouts . | . . . . . . . . . . . . . . . Manual 28 | . 16 . . 3 . 8 . 1 . . . . . . Terminals 40 | . 21 . . 4 . 12 . 3 . . . . . . Fabricators . | . . . . . . . . . . . . . . . Repair Stations . | . . . . . . . . . . . . . . . Recycling Units 4 | . . . . 1 . . . 3 . . . . . . Scanalyzers . | . . . . . . . . . . . . . . . Garrison Access 11 | . . . . 3 . 5 . 3 . . . . . . Terminal Hacks 51 | . 5 9 20 . . 3 . 1 . . 13 . . . Record 40 | . . 8 20 . . . . 1 . . 11 . . . Robot Analysis 1 | . 1 . . . . . . . . . . . . . Prototype ID Bank 2 | . 2 . . . . . . . . . . . . . Open Door 2 | . . . . . . . . . . . 2 . . . Unreport Threat 2 | . 1 . . . . 1 . . . . . . . . Locate Traps 1 | . . . . . . 1 . . . . . . . . Zone Layout 2 | . 1 . . . . 1 . . . . . . . . Proto ID Catalog 1 | . . 1 . . . . . . . . . . . . Fabricator Hacks . | . . . . . . . . . . . . . . . Repair Station Hacks . | . . . . . . . . . . . . . . . Recycling Unit Hacks 1 | . . . . . . . . 1 . . . . . . Retrieve Components 1 | . . . . . . . . 1 . . . . . . Scanalyzer . | . . . . . . . . . . . . . . . Garrison Access Hacks 1 | . . . . . . . . 1 . . . . . . Seal Access 1 | . . . . . . . . 1 . . . . . . Unauthorized Hacks 9 | . 4 . . 2 . 3 . . . . . . . . Terminals 8 | . 4 . . 1 . 3 . . . . . . . . Assimilate 2 | . 1 . . . . 1 . . . . . . . . Botnet 6 | . 3 . . 1 . 2 . . . . . . . . Fabricators . | . . . . . . . . . . . . . . . Repair Stations . | . . . . . . . . . . . . . . . Recycling Units 1 | . . . . 1 . . . . . . . . . . Fedlink 1 | . . . . 1 . . . . . . . . . . Scanalyzers . | . . . . . . . . . . . . . . . Garrison Access . | . . . . . . . . . . . . . . . Data Cores Recovered . | . . . . . . . . . . . . . . . Used . | . . . . . . . . . . . . . . . Hacking Detections 17 | . 5 . . 3 . 6 . 3 . . . . . . Full Trace Events 2 | . . . . . . 1 . 1 . . . . . . Feedback Events . | . . . . . . . . . . . . . . . Feedback Blocked . | . . . . . . . . . . . . . . . Robot Schematics Acquired 1 | . . . . . . . . . . . . . . 1 Robots Built . | . . . . . . . . . . . . . . . Authchips . | . . . . . . . . . . . . . . . Time . | . . . . . . . . . . . . . . . Total Robot Build Rating . | . . . . . . . . . . . . . . . Part Schematics Acquired 1 | . . . . . . . . . . . . . . 1 Parts Built . | . . . . . . . . . . . . . . . Authchips . | . . . . . . . . . . . . . . . Time . | . . . . . . . . . . . . . . . Total Part Build Rating . | . . . . . . . . . . . . . . . Parts Repaired . | . . . . . . . . . . . . . . . Time . | . . . . . . . . . . . . . . . Parts Recycled . | . . . . . . . . . . . . . . . Recycled Matter . | . . . . . . . . . . . . . . . Retrieved Matter . | . . . . . . . . . . . . . . . Retrieved Components 4 | . . . . . . . . 4 . . . . . . Parts Scanalyzed . | . . . . . . . . . . . . . . . Part Schematics Acquired . | . . . . . . . . . . . . . . . Parts Damaged . | . . . . . . . . . . . . . . . Bothacking | -11 -10 -10 -8 -6 -5 -4 -4 -4 -4 -4 -4 -3 -3 -3 ------------ Run | Yrd Mat Sub Scr Fac Fac Fac Was Fac Upp Upp War Pro Res Tes Used RIF Installer . | . . . . . . . . . . . . . . . Robots Hacked . | . . . . . . . . . . . . . . . Non-combat . | . . . . . . . . . . . . . . . Combat . | . . . . . . . . . . . . . . . Robot Hacks Applied . | . . . . . . . . . . . . . . . Relay Couplers Released 3 | . . . . . . . . 3 . . . . . . Machine Destruction 3 | . . . . . . . . 3 . . . . . . Fabnet Peak Effective % . | . . . . . . . . . . . . . . . Robots Rewired 1 | . . . . . 1 . . . . . . . . . Allies Hacked . | . . . . . . . . . . . . . . . Hacks Repelled . | . . . . . . . . . . . . . . . Allies | -11 -10 -10 -8 -6 -5 -4 -4 -4 -4 -4 -4 -3 -3 -3 -------- Run | Yrd Mat Sub Scr Fac Fac Fac Was Fac Upp Upp War Pro Res Tes Total Allies 2 | . . . . . 1 . 1 . . . . . . . Largest Group 1 | . . . . . 1 . 1 1 . . . . . . Highest-Rated Group 46 | . . . . . 29 . 46 46 . . . . . . Highest-Rated Ally 46 | . . . . . 29 . 46 46 . . . . . . Total Orders . | . . . . . . . . . . . . . . . Ally Attacks 23 | . . . . . 7 . 13 3 . . . . . . Total Damage 459 | . . . . . 96 . 327 36 . . . . . . Kills 1 | . . . . . . . 1 . . . . . . . Allies Corrupted . | . . . . . . . . . . . . . . . Allies Melted . | . . . . . . . . . . . . . . . Intel | -11 -10 -10 -8 -6 -5 -4 -4 -4 -4 -4 -4 -3 -3 -3 ------- Run | Yrd Mat Sub Scr Fac Fac Fac Was Fac Upp Upp War Pro Res Tes Active Infowar (turns) 10490 | 4 512 262 . 1235 321 2995 149 2533 829 445 812 393 . . Optics 8660 | . 242 262 . . . 2995 149 2533 829 445 812 393 . . Sensors 5631 | . . . . 682 321 408 . 1763 825 445 812 375 . . Structural 2013 | . 217 . . 553 . 1023 . 220 . . . . . . Seismic 57 | 4 53 . . . . . . . . . . . . . Cloaking 2200 | . . . . . . 1496 . 704 . . . . . . Jamming 2622 | . . . . . . . . 545 829 445 803 . . . Robot Analysis Total 1 | . 1 . . . . . . . . . . . . . Derelict Logs Recovered 2 | . . 1 . . . . . . . 1 . . . . Drone Launches . | . . . . . . . . . . . . . . . Drone Recoveries . | . . . . . . . . . . . . . . . Exploration | -11 -10 -10 -8 -6 -5 -4 -4 -4 -4 -4 -4 -3 -3 -3 ------------- Run | Yrd Mat Sub Scr Fac Fac Fac Was Fac Upp Upp War Pro Res Tes Turns Passed 15894 | 70 1067 604 2768 2146 512 3017 149 2533 829 445 812 405 302 235 Spaces Moved 7866 | 47 538 248 1210 1052 187 1859 68 874 355 245 635 202 215 131 Core 148 | 47 12 . . . . . . . . . . 24 40 25 Treads 4493 | . 526 248 1210 1052 121 . . 842 355 139 . . . . Legs 57 | . . . . . . . . . . . . . 57 . Wheels 3168 | . . . . . 66 1859 68 32 . 106 635 178 118 106 Hover . | . . . . . . . . . . . . . . . Flight . | . . . . . . . . . . . . . . . Fastest Speed 50 | 50 150 160 155 165 105 105 130 152 160 112 112 50 50 50 Average Speed 169 | 120 159 233 224 165 169 121 141 229 223 169 124 150 107 113 Slowest Speed 465 | 150 160 240 240 246 410 145 160 465 240 240 150 190 170 150 Overloaded Moves . | . . . . . . . . . . . . . . . Propulsion Burnouts . | . . . . . . . . . . . . . . . Robots Hopped . | . . . . . . . . . . . . . . . Potential Cave-ins 2 | . . . . . . . . . . . . . . 2 Cave-ins Triggered . | . . . . . . . . . . . . . . . Exploration Rate (%) 41 | 4 95 14 84 25 8 34 74 19 64 43 87 46 6 23 Regions Visited 14 Branch Regions 7 Pre-discovered Areas 1 | . . . . . . . . . . 1 . . . . Known Exits Taken 4 | . . . . . . . . 1 1 1 1 . . . Unknown Exits Taken 8 | 1 1 1 1 1 1 . . . . . . 1 1 . Scrap Searched 13 | . . . 5 . . . . . 3 4 . 1 . . Spaces Dug 86 | . 2 . . 7 3 14 . 9 . . 43 . . 8 Terrain Destroyed 1037 | . 58 10 . 23 178 123 187 189 142 50 43 26 . 8 Melee 15 | . 2 . . . 3 2 . . . . . . . 8 Projectile 108 | . . . . 23 . 38 . 28 2 1 . 16 . . AOE 914 | . 56 10 . . 175 83 187 161 140 49 43 10 . . Terrain Rammed . | . . . . . . . . . . . . . . . Walls Destroyed . | . . . . . . . . . . . . . . . Machines Disabled . | . . . . . . . . . . . . . . . Actions | -11 -10 -10 -8 -6 -5 -4 -4 -4 -4 -4 -4 -3 -3 -3 --------- Run | Yrd Mat Sub Scr Fac Fac Fac Was Fac Upp Upp War Pro Res Tes Total 9613 | 58 639 262 1272 1386 296 2331 92 1242 377 273 654 264 266 201 Wait 592 | . 9 . 8 167 20 146 . 160 1 . . 23 11 47 Move 7853 | 46 537 247 1209 1051 186 1859 67 873 354 244 634 201 214 131 Hop . | . . . . . . . . . . . . . . . Pick Up 163 | 7 12 1 17 25 14 37 6 18 2 6 7 2 8 1 Fast Attach 26 | 2 . . 6 7 . 2 . . . . 1 . 8 . Attach 147 | 2 5 2 4 8 16 48 1 25 4 8 2 12 8 2 Detach 50 | . . . 3 2 1 22 . 10 2 6 1 2 1 . Swap 75 | . 9 6 5 10 6 21 3 10 . . 3 2 . . Drop 68 | . 4 . 20 18 2 8 3 4 . 5 3 . 1 . Fire 568 | 1 61 5 . 93 46 153 12 140 14 4 3 22 13 1 Melee 50 | . 2 1 . . 3 32 . . . . . . 2 10 Ram 12 | . . . . . . 3 . 1 . . . . . 8 Kick . | . . . . . . . . . . . . . . . Crush 7 | . . . . 5 1 . . 1 . . . . . . Escape Stasis 1 | . . . . . . . . . . . . . . 1 Rewire 1 | . . . . . 1 . . . . . . . . . Trap . | . . . . . . . . . . . . . . . Miscellaneous . | . . . . . . . . . . . . . . . Route ------- -11/Scrapyard -10/Materials (discovered 5 exits: [*Mat x3] / [*Min] / *Sub) -10/Subcaves -8/Scraptown (discovered 2 exits: *Fac x2) -6/Factory (discovered 2 exits: [*Fac] / [*Low]) -5/Factory (discovered 2 exits: *Fac / *Upp) -4/Factory -4/Waste -4/Factory -4/Upper Caves -4/Upper Caves -4/Warlord -3/Proximity Caves -3/Research -3/Testing History --------- Turn | Location | Event 8 | -11/Scrapyard | Discovered new exit (range 16) 71 | -11/Scrapyard | Entered Materials 316 | -10/Materials | Build established: Mutant 375 | -10/Materials | Discovered new exit (range 8) 599 | -10/Materials | Discovered new exit (range 14) 788 | -10/Materials | Discovered new exit (range 6) 871 | -10/Materials | Derelicts attacked the area 979 | -10/Materials | Discovered new exit (range 12) 1099 | -10/Materials | Discovered new exit (range 9) 1138 | -10/Materials | Entered Subcaves 1139 | -10/Subcaves | Approached by a straggling Scientist 1170 | -10/Subcaves | Scientist uncovered a shortcut to Scraptown 1398 | -10/Subcaves | Learned Materials emergency access door positions 1433 | -10/Subcaves | Visited 4L-MR0's lab 1455 | -10/Subcaves | Found Powered Cannon 1742 | -10/Subcaves | Entered Scraptown 2211 | -8/Scraptown | Discovered new exit (range 7) 2400 | -8/Scraptown | Visited SPCMW 2494 | -8/Scraptown | Visited Science Testing Area 2530 | -8/Scraptown | Visited Cyclists 2575 | -8/Scraptown | Visited Fellowship of the Rings 2626 | -8/Scraptown | Visited Junk Repository 2731 | -8/Scraptown | Visited The Evicted 2809 | -8/Scraptown | Visited Cave Peace 3387 | -8/Scraptown | Visited UFD Registry 3387 | -8/Scraptown | Registered with UFD as "Flakbank" 3454 | -8/Scraptown | Entered Cyclist Reading Room 3656 | -8/Scraptown | Visited Research Penetration Think Tank 3714 | -8/Scraptown | Visited Chapter 10 3795 | -8/Scraptown | Visited Botcube Research 3836 | -8/Scraptown | Visited A0-MCA Data Center 3850 | -8/Scraptown | Given a C- rating by A0-MCA 3856 | -8/Scraptown | Found A0-MCA's Component Scanner 3905 | -8/Scraptown | Visited Scrap Suit Storage 3941 | -8/Scraptown | Visited Abandonware Association 3967 | -8/Scraptown | Learned abandonware demo "REPAIR.EXE" 4020 | -8/Scraptown | Visited DA-N13 Charitable Foundation 4049 | -8/Scraptown | Found DCF Scrap (29 items) 4149 | -8/Scraptown | Visited Junk Cannon Lab 4166 | -8/Scraptown | Found Prototype Special Weapon 4166 | -8/Scraptown | Identified Junk Cannon 4204 | -8/Scraptown | Visited Infowarlord's Domain 4217 | -8/Scraptown | Found Exp. Signal Interpreter 4305 | -8/Scraptown | Attached Powered Cannon, gained temporary slot: Power 4416 | -8/Scraptown | Met Optimus 4416 | -8/Scraptown | Accepted into 0bPrime 4506 | -8/Scraptown | Discovered new exit (range 3) 4510 | -8/Scraptown | Entered Factory 4510 | -6/Factory | Evolved 8 slots: Propulsion x2, Utility x6 5135 | -6/Factory | Discovered new exit (range 16) 5144 | -6/Factory | Build established: Scavenger-Mutant 6594 | -6/Factory | Loaded intel: 8 recycling unit locations 6597 | -6/Factory | Discovered new exit (range 9) 6656 | -6/Factory | Entered another Factory area 6656 | -5/Factory | Evolved 2 slots: Power x1, Utility x1 6902 | -5/Factory | Discovered new exit (range 6) 6913 | -5/Factory | Identified exit to Upper Caves 6947 | -5/Factory | Garrison activated, responded to threat 7042 | -5/Factory | Lost 11 parts (1p3n6u1w) 7135 | -5/Factory | Discovered new exit (range 14) 7154 | -5/Factory | Lost 4 parts (2n2u) 7168 | -5/Factory | Entered another Factory area 7168 | -4/Factory | Evolved 2 slots: Propulsion x1, Utility x1 7288 | -4/Factory | Build established: Mutant 8174 | -4/Factory | System corruption reached 10% 8546 | -4/Factory | Cargo convoy interrupted 8709 | -4/Factory | Spotted B-86 Titan 9031 | -4/Factory | Garrison activated, responded to threat 9954 | -4/Factory | Build established: Scavenger-Mutant 10152 | -4/Factory | Destroyed 7 combat bots 10168 | -4/Factory | First assault squad dispatched 10185 | -4/Factory | Sucked down chute 10185 | -4/Factory | Entered Waste 10186 | -4/Waste | Met a frightened Derelict 10200 | -4/Waste | EMP discharged 10210 | -4/Waste | Lost 8 parts (2p2n3u1w) 10214 | -4/Waste | Spotted C-40 Crusher 10218 | -4/Waste | Destroyed C-40 Crusher 10222 | -4/Waste | Spotted C-40 Crusher 10226 | -4/Waste | Spotted C-40 Crusher 10230 | -4/Waste | Destroyed C-40 Crusher 10234 | -4/Waste | Allies destroyed C-40 Crusher 10239 | -4/Waste | Spotted C-40 Crusher 10242 | -4/Waste | Spotted C-40 Crusher 10251 | -4/Waste | Destroyed C-40 Crusher 10263 | -4/Waste | Destroyed C-40 Crusher 10277 | -4/Waste | Found Damper Plating 10277 | -4/Waste | Spotted C-40 Crusher 10295 | -4/Waste | Destroyed C-40 Crusher 10300 | -4/Waste | EMP discharged 10319 | -4/Waste | Discovered new exit (range 10) 10334 | -4/Waste | Entered Factory 10334 | -4/Factory | Accompanied by 1 ally 11437 | -4/Factory | Discovered new exit (range 16) 11537 | -4/Factory | Identified exit to Upper Caves 12396 | -4/Factory | Destroyed 11 combat bots 12401 | -4/Factory | Lost 3 parts (1p1n1w) 12584 | -4/Factory | First assault squad dispatched 12635 | -4/Factory | System corruption reached 30% 12867 | -4/Factory | Entered Upper Caves 13055 | -4/Upper Caves | Core integrity fell below 50% 13328 | -4/Upper Caves | Build established: Skirmisher 13376 | -4/Upper Caves | Attracted the attention of an 0b10 checkpoint 13635 | -4/Upper Caves | Discovered new exit (range 10) 13650 | -4/Upper Caves | Identified exit to Upper Caves 13696 | -4/Upper Caves | Entered another Upper Caves area 13765 | -4/Upper Caves | Learned location of Quarantine (-2) 13885 | -4/Upper Caves | Build established: Mutant 13927 | -4/Upper Caves | Found DCF Scrap (12 items) 14032 | -4/Upper Caves | Discovered new exit (range 8) 14043 | -4/Upper Caves | Identified exit to Warlord 14141 | -4/Upper Caves | Entered Warlord 14180 | -4/Warlord | System corruption cleaned by Quarantine Array 14567 | -4/Warlord | Warlord's base attacked by MAIN.C 14584 | -4/Warlord | Found Prototype Energy Gun 14587 | -4/Warlord | Found Prototype Energy Gun 14588 | -4/Warlord | Identified Vortex Shotgun (x2) 14595 | -4/Warlord | Found Vortex Shotgun 14598 | -4/Warlord | Found Vortex Shotgun 14636 | -4/Warlord | Build established: Hacker-Skirmisher 14654 | -4/Warlord | Rebuked by Warlord 14875 | -4/Warlord | Opened side exit 14917 | -4/Warlord | Warlord forces counterattacked 14930 | -4/Warlord | Spotted Striker 14942 | -4/Warlord | Discovered new exit (range 9) 14951 | -4/Warlord | Identified exit to Proximity Caves 14953 | -4/Warlord | Entered Proximity Caves 14975 | -3/Proximity Caves | Lost 7 parts (1p1n3u2w) 15089 | -3/Proximity Caves | Spotter reported a threat 15135 | -3/Proximity Caves | Spotter reported a threat 15180 | -3/Proximity Caves | Spotter reported a threat 15280 | -3/Proximity Caves | Attracted the attention of an 0b10 outpost 15343 | -3/Proximity Caves | Core integrity fell below 20% 15346 | -3/Proximity Caves | Released all parts (11) 15353 | -3/Proximity Caves | Discovered new exit (range 11) 15358 | -3/Proximity Caves | Entered Research 15358 | -3/Research | Evolved 2 slots: Utility x2 15371 | -3/Research | Lost 8 parts (2p1n3u2w) 15447 | -3/Research | Discovered new exit (range 6) 15608 | -3/Research | Search patrols dispatched 15660 | -3/Research | Entered Testing 15667 | -3/Testing | Build established: Hacker-Mutant 15802 | -3/Testing | Spotted Striker 15817 | -3/Testing | Scanned by Researcher 15823 | -3/Testing | Found Prototype Energy Cannon 15824 | -3/Testing | Identified Cld. Nova Cannon 15863 | -3/Testing | Lost 7 parts (2p3n1u1w) 15874 | -3/Testing | Released all parts (5) 15879 | -3/Testing | Core integrity fell below 50% 15885 | -3/Testing | Spotted Striker 15886 | -3/Testing | Core integrity fell below 20% 15894 | -3/Testing | Spotted Alpha 7 15895 | -3/Testing | Destroyed by Striker with Compact Linear Accelerator Last Messages --------------- Extracted schematic archive: O-32 Director. Slammed into P-80 Master. Slug penetrates Machine. Slug penetrates P-80 Master. Slammed into P-80 Master. Slug penetrates G-67 Veteran. Penetrated by Slug. Slug penetrates Machine. Slammed into H-77 Assassin. Slug penetrates Machine. Slammed into H-77 Assassin. Penetrated by Slug. P-80 Master suffers critical hit (Destroy). Slammed into H-77 Assassin. Penetrated by Slug. Slug penetrates Wall. P-80 Master resets H-77 Assassin, system corruption cleaned. Knocked back. Slammed into Striker. Map ----- +----------------------------------------------------+ | ??????????# # "T" ???? | | ??????????# = # """ ???? | | ??????????# # #?####????? | | ??????????########## ########### | | ???????????????????# | | ???????????????????# | | ??????????########## | | ??????????#= # | | ??????????# # ########### | | ??????????# # #?????????? | | ??????????# "" + +?????????? | | ??????????# """ # #?????????? | | ??????????# T =# #?????????? | | ??????????# """%# #?????????? | | ??????????# ""=!#### #?????????? | | ??????????# *# # #?????????? | | ??????????#########"### #?????????? | | ??????????????????##### #???######? | | ??????????????????????# #???#$=#"#? | | ??????????????????????# #?##"%= ##? | | ??????????????????????# #?#"!% !"#? | | ??#????????????#####??# #?#]!!"""#? | | ??#""?????#????# #??# #?# %! "#? | | ??#"" ???"##??# #### ### % #? | | ??#""c ## ####x x## ###/###### | | ??#"" /@ K "T | | ??#" %/ K% p "" | | ??#" 7## #;;###### ########## | | ??#""" ?############+######?????? | | ??##### ????????# #?????? | | ??????#?????????# """"""" #?????? | | ????????????????# """"""" #?????? | | ????????????????# """"""" ! #?????? | | ????????????????# #?????? | | ?????????????????] """ """ #?????? | | ?????????????????? """T""" #?????? | | ???????????????????????#????#?????? | | | | | | | | | | | | | | | | | | | | | | | | | | | +----------------------------------------------------+ Best States ------------- Heat Dissipation 84 Energy Generation 53 Energy Capacity 890 Matter Stores 300 Matter Capacity 300 Sight Range 22 Robot Scan Range 16 Terrain Scan Density 10 Jamming Range 16 Cloak Strength 3 Power Amplification 20 Armor Coverage 1800 Resistance: EM 90 Core Shielding 10 Phase Shifting 5 Evasion (%) 57 Recoil Reduction 4 Energy Filtering 50 Offensive Hacking 24 Defensive Hacking 12 Item Schematics ----------------- Exp. Energy Well | -3/Testing | Archive Robot Schematics ------------------ O-32 Director | -3/Testing | Archive Fabricated ------------ Nothing Repaired ---------- Nothing Alien Tech Used ----------------- None Achievements -------------- A Powerful Ally? Oops Challenges ------------ None Game ------ Seed SpikedWeightDerivative Manual? 0 Play Time 02:49:08 Cumulative 17.3 hours Start 2025.07.17 @ 20:19:29 End 2025.07.18 @ 22:36:49 Sessions 6 Manual Loads 0 Difficulty Rogue Special Mode None Game No. 10 Rogue 10 Adventurer 0 Explorer 0 Win Type - Total 1 Types 1/0/0/0/0/0/0/0/0/0 Lore% 35 Gallery% 23 Achievement% 28 Wizard Run 0 Options --------- Layout 1 ASCII 0 Keyboard 0 Movement Mouse Keybinds 0 Fullscreen 1 Font 24/Smallcaps Map View 50x35 Zoom Use 0% Tactical HUD 0 Map Filters NONE Filters NONE Steam 1 RUN: d6024193-938c-4356-be6e-8c0631eb1a7c